 Dungeon Crawl Stone Soup version 0.24-a0-272-g1411513 (webtiles) character file.

Game seed: 4922597240383636466

1260 MisterFreud the Slasher (level 8, -4/55 HPs)
             Began as an Octopode Gladiator on Apr 25, 2019.
             Was a Follower of Cheibriados.
             Killed by nerve-wracking pain
             ... invoked by an orc priest
              (13 damage)
             ... on level 6 of the Dungeon.
             The game lasted 00:12:29 (5669 turns).

MisterFreud the Slasher (Octopode Gladiator)        Turns: 5669, Time: 00:12:29

Health: -4/55      AC:  1    Str: 20    XL:     8   Next: 52%
Magic:  0/8        EV: 17    Int: 14    God:    Cheibriados [*.....]
Gold:   316        SH:  7    Dex: 16    Spells: 7/7 levels left

rFire    . . .     SeeInvis .   a - +0 long sword
rCold    + . .     Gourm    .   A - +2 buckler
rNeg     . . .     Faith    .   b - +0 hat
rPois    .         Spirit   +   F - amulet of guardian spirit
rElec    .         Reflect  .   y - +5 ring of strength
rCorr    .         Harm     .   v - ring of protection from cold
MR       .....                  x - ring of stealth
Stlth    ++++......             (no ring)
HPRegen  0.18/turn              (no ring)
MPRegen  0.11/turn              (no ring)
                                (no ring)
                                (no ring)

@: very slow
A: almost no armour, stealthy swim, amphibious, 8 rings, constrict 8, camouflage
1, gelatinous body 1
a: Bend Time, Renounce Religion


You were on level 6 of the Dungeon.
You worshipped Cheibriados.
Cheibriados was aware of your devotion.
You were not hungry.

You visited 2 branches of the dungeon, and saw 7 of its levels.

You collected 316 gold pieces.

Inventory:

Hand Weapons
 a - a +0 long sword (weapon)
 w - a +1 great sword
 B - a +1 flail of protection
Missiles
 c - 3 throwing nets (quivered)
 g - 25 poisoned needles
 j - 109 stones
 n - 41 arrows
 s - 63 sling bullets
 z - 4 tomahawks
 E - 5 silver javelins
Armour
 b - a +0 hat (worn)
 o - a +0 large shield
 A - a +2 buckler (worn)
Jewellery
 v - a ring of protection from cold (right tentacle)
 x - a ring of stealth (on tentacle)
 y - a +5 ring of strength (left tentacle)
 F - an amulet of guardian spirit (around mantle)
Scrolls
 i - 2 scrolls of enchant weapon
 l - 3 scrolls of remove curse
 q - 2 scrolls of teleportation
 r - 2 scrolls of magic mapping
Potions
 e - a potion of heal wounds {unknown}
 f - a potion of brilliance {unknown}
 h - 4 potions of curing
 k - a potion of agility {unknown}
 m - 3 potions of flight
 p - a potion of haste {unknown}
 t - a potion of degeneration
 u - a potion of invisibility {unknown}
 C - a potion of might {unknown}
 D - a potion of lignification {unknown}
Comestibles
 d - 6 rations
 G - a chunk of flesh


   Skills:
 - Level 5.3 Fighting
 + Level 6.8 Long Blades
 - Level 2.0 Throwing
 - Level 6.0 Dodging
 * Level 2.6 Shields


You had 7 spell levels left.
You didn't know any spells.
Your spell library was empty.

Dungeon Overview and Level Annotations

Branches:
Dungeon (6/15)             Temple (1/1) D:6

Altars:
Ashenzari
Cheibriados
Dithmenos
Elyvilon
Fedhas
Gozag
Hepliaklqana
Kikubaaqudgha
Makhleb
Nemelex Xobeh
Okawaru
Qazlal
Ru
Sif Muna
Trog
Uskayaw
Vehumet
Wu Jian
Xom
Yredelemnul
Zin
The Shining One


Innate Abilities, Weirdness & Mutations

You cannot wear most types of armour.
You are very stealthy in the water. (Stealth+)
You are amphibious.
You can wear up to eight rings at the same time.
You can use your tentacles to constrict eight enemies at once.
Your skin changes colour to match your surroundings (Stealth+).
Your rubbery body absorbs attacks. (AC +1, EV +1)


Message History

You slash the troll!
The troll is lightly wounded.
The orc priest closely misses you.
You riposte.
You hit the orc priest. Your grab misses the orc priest.
The orc priest is moderately wounded.
You block the troll's attack. The troll closely misses you. x2
You hit the orc priest but do no damage.
Your grab misses the orc priest.
The orc priest is moderately wounded.
The troll barely misses you.
You riposte.
You hit the troll.
The troll is moderately wounded.
The troll closely misses you. The troll claws you!
The orc priest barely misses you. The troll bites you!
* * * LOW HITPOINT WARNING * * *
The troll closely misses you. The troll claws you!
* * * LOW HITPOINT WARNING * * *
The orc priest invokes the aid of Beogh against you.
Pain shoots through your body!
You die...

... ###.# # #(# #... .##
.##########.###.# ..##
...............# .....
.##.#####.#%....###...##
.......To..............$
......≈≈≈≈≈......[##.###
....≈≈≈≈≈≈≈≈≈?...<......
..≈≈≈≈≈@≈≈≈≈≈≈≈).###....
.≈≈≈≈≈≈...≈≈≈≈≈≈.##.....
.≈≈≈≈≈≈.>.≈≈≈≈≈≈........
.≈≈≈≈≈≈...≈≈≈≈≈≈..##....
.≈≈≈≈≈≈≈≈≈≈≈≈≈≈≈..####.#
..≈≈≈≈≈≈≈≈≈≈≈≈≈..## #.#
....≈≈≈≈≈≈≈≈≈....#####..
......≈≈≈≈≈.........J...
................#####..


You could see a troll and an orc priest.

Vanquished Creatures
  Prince Ribbit (D:5)
  Eustachio (D:4)
  Edmund (D:5)
  Menkaure (D:6)
  A howler monkey (D:5)
  A bullfrog zombie (D:5)
  2 orc priests (D:5)
  4 jellies
  A hound (D:6)
  A bullfrog skeleton (D:6)
  3 orc wizards
  3 worker ants
  Robin (D:4)
  3 gnolls (D:6)
  6 adders
  An ooze (D:4)
  An adder zombie (D:5)
  2 adder skeletons
  3 worms
  4 dart slugs
  3 leopard geckos
  17 orcs
  2 ball pythons
  A giant cockroach (D:1)
  12 goblins
  10 hobgoblins
  6 jackals
  2 quokkas (D:5)
  9 bats
  7 frilled lizards
  A jackal skeleton (D:5)
  8 kobolds
  A leopard gecko zombie (D:5)
  6 rats
126 creatures vanquished.

Notes
Turn   | Place    | Note
-------+----------+-------------------------------------------
     0 | D:1      | MisterFreud the Octopode Gladiator began the quest for the
                  | Orb.
     0 | D:1      | Reached XP level 1. HP: 14/14 MP: 1/1
   301 | D:1      | Reached XP level 2. HP: 16/19 MP: 2/2
   863 | D:2      | Reached XP level 3. HP: 18/24 MP: 3/3
  1137 | D:2      | Reached skill level 5 in Long Blades
  1137 | D:2      | Reached XP level 4. HP: 17/29 MP: 4/4
  1440 | D:2      | Found a shattered altar of Ashenzari.
  1487 | D:2      | You fall through a shaft for 2 floors!
  1502 | D:4      | Reached XP level 5. HP: 20/34 MP: 5/5
  1649 | D:4      | Noticed Robin
  3210 | D:4      | Noticed Eustachio
  3214 | D:4      | Killed Eustachio
  3214 | D:4      | Reached XP level 6. HP: 34/39 MP: 6/6
  3442 | D:4      | Killed Robin
  3442 | D:4      | Reached skill level 5 in Dodging
  3857 | D:5      | Entered Level 5 of the Dungeon
  3883 | D:5      | Noticed Edmund
  3891 | D:5      | Killed Edmund
  3891 | D:5      | Reached XP level 7. HP: 45/45 MP: 7/7
  4182 | D:5      | Noticed Prince Ribbit
  4292 | D:6      | Noticed a troll
  4337 | D:6      | Found a staircase to the Ecumenical Temple.
  4346 | Temple   | Entered the Ecumenical Temple
  4446 | Temple   | Became a worshipper of Cheibriados the Contemplative
  4667 | D:5      | Killed Prince Ribbit
  4667 | D:5      | Reached skill level 5 in Fighting
  4667 | D:5      | Reached XP level 8. HP: 55/55 MP: 2/8
  5274 | D:6      | Noticed Menkaure
  5286 | D:6      | Killed Menkaure
  5286 | D:6      | Reached skill level 1 in Shields
  5599 | D:6      | Reached * piety under Cheibriados
  5669 | D:6      | Killed from afar by an orc priest

Levels and vault maps discovered:
D:1:      nagdon_arrival_double_spiral, layout_basic
D:2:      layout_basic, nicolae_ashenzari_panopticon
D:3:      layout_basic
D:4:      layout_cave_pools, minmay_liquid_box, uniq_eustachio, uniq_robin
D:5:      layout_basic, first_ration, uniq_prince_ribbit1, uniq_edmund
D:6:      layout_loops_ring, temple_pool_b, uniq_menkaure
Temple:   kilobyte_greek_temple

Skill      XL: |  1  2  3  4  5  6  7  8 |
---------------+-------------------------+-----
Long Blades    | 4 5 6 |  6.8
Dodging        | 4 6 |  6.0
Fighting       | 5 |  5.3
Shields        | 2 |  2.6
Throwing       | |  2.0

Action                   |  1- 3 |  4- 6 |  7- 9 || total
-------------------------+-------+-------+-------++-------
Melee: Long sword        |    52 |    65 |    27 ||   144
       Constrict         |    19 |    30 |    26 ||    75
       Tentacles         |    11 |    16 |    24 ||    51
       Great sword       |       |    33 |    36 ||    69
Throw: Tomahawk          |       |     4 |       ||     4
       Javelin           |       |       |     6 ||     6
       Throwing net      |       |       |     2 ||     2
  Use: Scroll            |     3 |     7 |       ||    10
 Stab: Sleeping          |     7 |    13 |     7 ||    27
  Eat: Chunk             |     1 |     8 |     7 ||    16
Armor: Skin              |     3 |     5 |     1 ||     9
Dodge: Dodged            |    39 |    72 |    59 ||   170
Block: Buckler           |       |       |    12 ||    12
       Rpst.: Long sword |    13 |    13 |     8 ||    34
       Great sword       |       |     9 |    18 ||    27

Table legend:
 A = Non-vault XP
 B = Vault XP
 C = Vault XP percentage of total XP
 D = Non-vault monster count
 E = Vault monster count
 F = Vault count percentage of total count
                 A         B        C        D         E       F
            +---------+---------+-------+---------+---------+-------
      Total |     955 |     846 |  47.0 |     110 |      16 |  12.7
            +---------+---------+-------+---------+---------+-------
        D:1 |      26 |       0 |   0.0 |      17 |       0 |   0.0
        D:2 |     127 |       0 |   0.0 |      24 |       0 |   0.0
        D:3 |      73 |       5 |   6.4 |      21 |       3 |  12.5
        D:4 |     106 |     226 |  68.1 |      10 |      10 |  50.0
        D:5 |     388 |     446 |  53.5 |      22 |       2 |   8.3
        D:6 |     235 |     169 |  41.8 |      16 |       1 |   5.9
            +---------+---------+-------+---------+---------+-------
